 Dungeon Crawl Stone Soup version 0.27.1-33-g824d729ab1 (webtiles) character file.

Game seed: 14009854624976276895

571 madmanarnold the Shield-Bearer (level 7, -19/55 HPs)
             Began as a Formicid Fighter on Dec 7, 2021.
             Demolished by an ogre (22 damage)
             ... on level 5 of the Dungeon.
             The game lasted 00:27:15 (4416 turns).

madmanarnold the Shield-Bearer (Formicid Fighter)   Turns: 4416, Time: 00:27:16

Health: -19/55     AC:  9    Str: 22    XL:     7   Next: 60%
Magic:  7/7        EV: 12    Int:  8    God:
Gold:   129        SH: 10    Dex:  8    Spells: 6/6 levels left

rFire    . . .     SeeInvis +   a - +0 long sword
rCold    . . .     Faith    .   c - +0 kite shield
rNeg     . . .     Spirit   .   b - +0 scale mail
rPois    .         Reflect  .   (helmet unavailable)
rElec    .         Harm     .   (no cloak)
rCorr    .         Rampage  .   (no gloves)
Will     .....                  (no boots)
Stlth    +.........             (no amulet)
HPRegen  0.18/turn              n - +4 ring of evasion
MPRegen  0.10/turn              (no ring)

@: no status effects
A: permanent stasis, dig shafts and tunnels, antennae 3, four strong arms,
iridescent scales 1, camouflage 1, clumsy 1, subdued magic 1
a: Dig, Shaft Self


You were on level 5 of the Dungeon.
You visited 1 branch of the dungeon, and saw 5 of its levels.

You collected 129 gold pieces.

Inventory:

Hand Weapons
 a - a +0 long sword (weapon)
Armour
 b - a +0 scale mail (worn)
 c - a +0 kite shield (worn)
Jewellery
 n - a +4 ring of evasion (left hand)
Wands
 f - a wand of iceblast (8)
 g - a wand of flame (11)
Scrolls
 e - a scroll of amnesia
 h - 2 scrolls of identify
 j - a scroll of fog {unknown}
Potions
 d - a potion of might
 i - a potion of cancellation {unknown}
 k - a potion of berserk rage
 m - 2 potions of haste {unknown}
 o - a potion of lignification {unknown}
 p - a potion of attraction


   Skills:
 + Level 4.9 Fighting
 * Level 4.9 Long Blades
 + Level 5.1 Armour
 - Level 0.1 Dodging
 + Level 5.5 Shields


You had 6 spell levels left.
You didn't know any spells.
Your spell library contained the following spells:

 Spells                   Type           Power      Damage    Failure   Level
 Passage of Golubria      Tloc           N/A        N/A       100%        4
 Silence                  Hex/Air        0%         N/A       100%        5
 Lehudib's Crystal Spear  Conj/Erth      0%         10d2      100%        8


Dungeon Overview and Level Annotations

Branches:
Dungeon (5/15)             Temple (0/1) D:4

Altars:
Hepliaklqana
Makhleb
Qazlal

Annotations:
D:4 Edmund


Innate Abilities, Weirdness & Mutations

You cannot be hasted, slowed, berserked, paralysed or teleported.
You can dig through walls and to a lower floor.
You have a pair of large antennae on your head. (SInv)
Your four strong arms can wield two-handed weapons with a shield.
You are partially covered in iridescent scales. (AC +2)
Your skin changes colour to match your surroundings (Stealth+).
You are clumsy. (Dex -2)
Your spells are a little easier to cast, but a little less powerful.


Message History

You are too injured to fight recklessly!
You are too injured to fight recklessly!
You are too injured to fight recklessly!
You are too injured to fight recklessly!
You are too injured to fight recklessly!
You are too injured to fight recklessly!
You are too injured to fight recklessly!
You are too injured to fight recklessly!
You are too injured to fight recklessly!
You slash Menkaure!
Menkaure is severely damaged.
You block Menkaure's attack. Menkaure misses you.
You hit Menkaure but do no damage.
Menkaure is severely damaged.
Menkaure hits you.
You hit Menkaure but do no damage.
Menkaure is severely damaged.
You block Menkaure's attack. Menkaure misses you.
You hit Menkaure but do no damage.
Menkaure is severely damaged.
You block Menkaure's attack.
You slash Menkaure!
You destroy Menkaure!
The ogre hits you with a +0 giant spiked club!
* * * LOW HITPOINT WARNING * * *
You closely miss the ogre.
The ogre is moderately wounded.
You block the ogre's attack.
There is a stone staircase leading up here.
You can't go down here!
The ogre closely misses you.
You climb upwards.
Level annotation: Edmund
There is a stone staircase leading down here.
You climb downwards.
There is a stone staircase leading up here.
You hit the ogre.
The ogre is heavily wounded.
The ogre hits you with a +0 giant spiked club!!
You die...

+.#.##.# #...##O#
#.# #.####.# #.#
... #.# #.# .#.
#.# ###.### .##
#.# ##.#.#.## #.#
#.......# #.#
##O#.#.## #M#
#.@.....# #.#
##.#)#.### #.#
#........# #.#
##.#.#.#.# #{#
##..##..# #.#
#.....##
#.#########.#####
#...........#
#############


You could see an ogre.

Vanquished Creatures
  Menkaure (D:5)
  An ogre (D:5)
  A scorpion (D:4)
  A water moccasin skeleton (D:4)
  A howler monkey (D:2)
  An iguana (D:3)
  A hound skeleton (D:4)
  3 gnolls (D:2)
  7 adders
  An ufetubus (D:5)
  An adder skeleton (D:4)
  2 worms
  2 dart slugs
  4 orcs (D:4)
  6 ball pythons
  5 endoplasms
  3 giant cockroaches
  9 goblins
  9 hobgoblins
  2 quokkas
  3 bats
  6 frilled lizards
  5 kobolds
  4 rats
79 creatures vanquished.

Vanquished Creatures (others)
  2 fungi (D:2)
2 creatures vanquished.

Grand Total: 81 creatures vanquished

Notes
Turn   | Place    | Note
-------+----------+-------------------------------------------
     0 | D:1      | madmanarnold the Formicid Fighter began the quest for the
                  | Orb.
     0 | D:1      | Reached XP level 1. HP: 18/18 MP: 1/1
   197 | D:1      | Reached XP level 2. HP: 20/24 MP: 2/2
   556 | D:1      | Reached XP level 3. HP: 29/29 MP: 3/3
   821 | D:2      | Found a burning altar of Makhleb.
  1383 | D:2      | Reached XP level 4. HP: 21/35 MP: 4/4
  1784 | D:2      | Reached XP level 5. HP: 37/42 MP: 5/5
  1883 | D:2      | Found a faded altar of an unknown god.
  2575 | D:3      | Reached XP level 6. HP: 48/48 MP: 6/6
  2869 | D:4      | Gained mutation: Your body sometimes deteriorates upon
                  | taking damage. [potion of mutation]
  2869 | D:4      | Gained mutation: Your spells are a little harder to cast,
                  | but a little more powerful. [potion of mutation]
  2870 | D:4      | Lost mutation: Your body sometimes deteriorates upon taking
                  | damage. [potion of mutation]
  2870 | D:4      | Gained mutation: Your magical capacity is low. (-10% MP)
                  | [potion of mutation]
  2870 | D:4      | Gained mutation: You are agile. (Dex +2) [potion of
                  | mutation]
  2871 | D:4      | Lost mutation: You are agile. (Dex +2) [potion of mutation]
  2871 | D:4      | Lost mutation: Your magical capacity is low. (-10% MP)
                  | [potion of mutation]
  2871 | D:4      | Gained mutation: You are frail. (-10% HP) [potion of
                  | mutation]
  2871 | D:4      | Lost mutation: You are frail. (-10% HP) [potion of
                  | mutation]
  2872 | D:4      | Lost mutation: Your spells are a little harder to cast, but
                  | a little more powerful. [potion of mutation]
  2872 | D:4      | Gained mutation: You are partially covered in iridescent
                  | scales. (AC +2) [potion of mutation]
  2872 | D:4      | Gained mutation: You are clumsy. (Dex -2) [potion of
                  | mutation]
  2872 | D:4      | Gained mutation: Your spells are a little easier to cast,
                  | but a little less powerful. [potion of mutation]
  2872 | D:4      | Gained mutation: Your skin changes colour to match your
                  | surroundings (Stealth+). [potion of mutation]
  2929 | D:4      | Found a stormy altar of Qazlal.
  2993 | D:4      | Found a hazy altar of Hepliaklqana.
  3156 | D:4      | Found a staircase to the Ecumenical Temple.
  3209 | D:4      | Reached skill level 5 in Shields
  3589 | D:4      | Noticed Edmund
  3778 | D:4      | Reached XP level 7. HP: 13/55 MP: 7/7
  4183 | D:5      | Entered Level 5 of the Dungeon
  4195 | D:5      | Reached skill level 5 in Armour
  4363 | D:5      | Noticed Menkaure
  4404 | D:5      | Killed Menkaure
  4404 | D:5      | HP: 1/55 [ogre (17)]
  4416 | D:5      | Demolished by an ogre

Illustrated notes

Levels and vault maps discovered:
D:1:      wander_arrival_chamber, layout_basic, st_stairs_11
D:2:      layout_basic, shapermc_ecumenical_altar_acropolis, basic_altar
D:3:      layout_rooms
D:4:      layout_basic, lemuel_doored_altar, grunt_qazlal_clouds,
          minmay_temple_entry_hall, amcnicky_mini_rare_corridor_liquid,
          uniq_edmund
D:5:      layout_loops_ring, mainiacjoe_overflow_catwalk,
          minmay_misc_feat_doors, st_stairs_8, kennysheep_small_square,
          uniq_menkaure

Skill      XL: |  1  2  3  4  5  6  7 |
---------------+----------------------+-----
Shields        | 4 5 |  5.5
Armour         | 4 5 |  5.1
Long Blades    | 3 4 |  4.9
Fighting       | 4 |  4.9
Dodging        | |  0.1

Action                   |  1- 3 |  4- 6 |  7- 9 || total
-------------------------+-------+-------+-------++-------
Melee: Long sword        |   117 |   178 |    26 ||   321
 Abil: Dig               |       |     1 |       ||     1
  Use: Scroll            |       |    11 |       ||    11
       Potion            |       |     4 |       ||     4
Armor: Scale mail        |    55 |    64 |     2 ||   121
Dodge: Dodged            |    28 |    71 |    14 ||   113
Block: Kite shield       |    71 |   107 |    15 ||   193
       Rpst.: Long sword |     6 |    18 |     2 ||    26
